 Dungeon Crawl Stone Soup version 0.30-a0-879-ga8ba668304 (webtiles) character file.

Game seed: 12773116025920989333

8787 Lobster4 the Skirmisher (level 11, 0/90 HPs)
             Began as a Minotaur Hunter on Mar 13, 2023.
             Was a Believer of Hepliaklqana.
             Slain by a tengu warrior
             ... wielding a +0 battleaxe
              (4 damage)
             ... on level 8 of the Dungeon.
             The game lasted 00:26:48 (7058 turns).

Lobster4 the Skirmisher (Minotaur Hunter)           Turns: 7058, Time: 00:26:48

Health: 0/90       AC: 12    Str: 22    XL:     11   Next: 14%
Magic:  12/12      EV: 14    Int: 12    God:    Hepliaklqana [**....]
Gold:   103        SH:  0    Dex: 21    Spells: 10/10 levels left

rFire   . . .      SeeInvis .    a - +1 shortbow
rCold   . . .      Faith    .    (shield currently unavailable)
rNeg    . . .      Spirit   .    y - +2 scale mail of Jyshraf {rPois Dex+3}
rPois   +          Reflect  .    (helmet restricted)
rElec   .          Rampage  .    C - +0 cloak
rCorr   .                        t - +0 pair of gloves
Will    .....                    (no boots)
Stlth   +                        l - amulet of regeneration
HPRegen 1.15/turn                H - +6 ring of strength
MPRegen 0.13/turn                k - +6 ring of intelligence

@: studying 2 skills
A: reduced essence, horns 2, retaliatory headbutt
a: Renounce Religion, Recall Ancestor, Ancestor Identity


You were on level 8 of the Dungeon.
You worshipped Hepliaklqana.
Hepliaklqana was pleased with you.
You visited 2 branches of the dungeon, and saw 9 of its levels.

You collected 369 gold pieces.
You spent 266 gold pieces at shops.

Inventory:

Hand Weapons
 a - a +1 shortbow (weapon)
 c - a +0 rapier
 d - a +0 sling
 e - a +1 dagger of protection
 O - a +4 long sword
Missiles
 h - 12 poisoned darts
 i - 4 silver boomerangs
 n - 2 boomerangs
 z - 2 throwing nets
 F - 2 curare-tipped darts
Armour
 t - a +0 pair of gloves (worn)
 u - a +4 plate armour of poison resistance
 y - the +2 scale mail of Jyshraf (worn) {rPois Dex+3}
   (You found it on level 3 of the Dungeon)

   Dex:       It affects your dexterity (+3).
   rPois:     It protects you from poison.
 C - a +0 cloak (worn)
 I - the +1 robe of the Skies Above {rC++}
   (You found it on level 8 of the Dungeon)

   rC:        It greatly protects you from cold.
 R - the +1 ring mail of Kleptomania {Rampage *Corrode rElec rF+++}
   (You found it on level 7 of the Dungeon)

   rF:        It renders you almost immune to fire.
   rElec:     It insulates you from electricity.
   *Corrode:  It may corrode you when you take damage.
   Rampage:   It bestows one free step when moving towards enemies.
 V - a +3 leather armour of fire resistance
Magical Staves
 L - a staff of fire
Jewellery
 k - a +6 ring of intelligence (right hand)
 l - an amulet of regeneration (around neck)
 p - a +5 ring of evasion
 s - an amulet of reflection
 H - a +6 ring of strength (left hand)
 U - the ring "Regenwisch" {rElec EV+5 Slay+2}
   (You found it on level 8 of the Dungeon)

   [ring of evasion]

   EV:        It affects your evasion (+5).
   Slay:      It affects your accuracy & damage with ranged weapons and melee
   (+2).
   rElec:     It insulates you from electricity.
Wands
 v - a wand of iceblast (25)
 N - a wand of charming (5)
 Q - a wand of light (4)
Scrolls
 b - 2 scrolls of immolation
 f - a scroll of brand weapon {unknown}
 g - 2 scrolls of enchant weapon
 j - a scroll of acquirement {unknown}
 m - 2 scrolls of blinking {unknown}
 r - a scroll of teleportation
 B - a scroll of poison
 G - a scroll of fog {unknown}
 J - a scroll of enchant armour {unknown}
 M - a scroll of silence {unknown}
 P - a scroll of fear
 S - a scroll of magic mapping
Potions
 o - a potion of lignification
 q - 2 potions of flight
 w - 2 potions of mutation
 x - 2 potions of haste
 A - 3 potions of might
 D - 4 potions of berserk rage
 E - 3 potions of degeneration {unknown}
 K - a potion of brilliance
 T - a potion of ambrosia


   Skills:
 + Level 10.5 Fighting
 - Level 3.0 Short Blades
 * Level 13.7 Ranged Weapons
 - Level 1.0 Throwing
 - Level 6.0 Armour
 - Level 6.0 Dodging
 - Level 1.0 Stealth
 - Level 3.0 Invocations
 - Level 3.0 Evocations


You had 10 spell levels left.
You didn't know any spells.
Your spell library contained the following spells:

 Spells                   Type           Power      Damage    Failure   Level
 Apportation              Tloc           0%         N/A       63%         1
 Lesser Beckoning         Tloc           0%         N/A       77%         2
 Gell's Gravitas          Tloc           0%         N/A       94%         3
 Portal Projectile        Hex/Tloc       0%         N/A       94%         3
 Teleport Other           Tloc           0%         N/A       94%         3
 Tukima's Dance           Hex            0%         N/A       94%         3
 Alistair's Intoxication  Tmut/Pois      0%         N/A       100%        5
 Blade Hands              Tmut           0%         N/A       100%        5
 Borgnjor's Vile Clutch   Necr/Erth      0%         N/A       100%        5
 Dispersal                Tloc           0%         N/A       100%        6
 Eringya's Noxious Bog    Tmut/Pois      0%         N/A       100%        6


Dungeon Overview and Level Annotations

Branches:
Dungeon (8/15)             Temple (1/1) D:5
   Lair: D:8-11

Altars:
Ashenzari
Cheibriados
Dithmenos
Elyvilon
Fedhas
Gozag
Hepliaklqana
Kikubaaqudgha
Makhleb
Nemelex Xobeh
Okawaru
Qazlal
Ru
Sif Muna
Trog
Uskayaw
Wu Jian
Xom
Yredelemnul
Zin
The Shining One

Shops:
D:1 *   D:4 !   D:6 (   D:7 [   D:8 *


Innate Abilities, Weirdness & Mutations

Your life essence is reduced to manifest your ancestor. (-10% HP)
You have a pair of horns on your head.
You reflexively headbutt those who attack you in melee.


Message History

You are too injured to fight recklessly!
You are too injured to fight recklessly!
You are too injured to fight recklessly!
Fire: a) +1 shortbow
Press: ? - help, Q - select action, (/) - cycle Shift-Dir - straight line, f/p - tengu warrior
Aim: a tengu warrior, wielding a +0 battleaxe and wearing a +0 ring mail (severely wounded, ally target, 58% to hit)
You shoot an arrow. The arrow hits the tengu warrior.
The tengu warrior is severely wounded.
The tengu warrior hits you with a +0 battleaxe!
The tengu warrior barely misses Ayize.
The tengu warrior pecks you but does no damage.
The tengu warrior closely misses you.
Fire: a) +1 shortbow
Press: ? - help, Q - select action, (/) - cycle Shift-Dir - straight line, f/p - tengu warrior
Aim: a tengu warrior, wielding a +0 battleaxe and wearing a +0 ring mail (severely wounded, ally target, 58% to hit)
You shoot an arrow. The arrow misses the tengu warrior.
Ayize barely misses the tengu warrior.
Fire: a) +1 shortbow
Press: ? - help, Q - select action, (/) - cycle Shift-Dir - straight line, f/p - tengu warrior
Aim: a tengu warrior, wielding a +0 battleaxe and wearing a +0 ring mail (severely wounded, ally target, 58% to hit)
You shoot an arrow. The arrow hits the tengu warrior.
The tengu warrior is severely wounded.
The tengu warrior hits you with a +0 battleaxe!
* * * LOW HITPOINT WARNING * * *
The tengu warrior hits Ayize with a +0 battleaxe.
The tengu warrior pecks you.
* * * LOW HITPOINT WARNING * * *
The tengu warrior closely misses you.
Ayize closely misses the tengu warrior.
Fire: a) +1 shortbow
Press: ? - help, Q - select action, (/) - cycle Shift-Dir - straight line, f/p - tengu warrior
Aim: a tengu warrior, wielding a +0 battleaxe and wearing a +0 ring mail (severely wounded, ally target, 58% to hit)
You shoot an arrow.
The arrow closely misses the tengu warrior.
The tengu warrior hits you with a +0 battleaxe!
* * * LOW HITPOINT WARNING * * *
Ayize blocks the tengu warrior's attack.
The tengu warrior closely misses you. The tengu warrior claws you.
* * * LOW HITPOINT WARNING * * *
The tengu warrior hits you with a +0 battleaxe.
You die...

#......#....# ####.####......
#...........####.†.....#......
#.....##.......#.......#......
#....>.........#...†...#......
##.##..#..........._c.).......
#.##.......####......)##.....
#.......(..## #.......##.....
#...........###†...)..##.....
#...........@.####.#####.....
#.....#..#.#.Q# #.... #.....
#...).<..#....R....... #.....
##.##.#..#.......)....# ##....
#..........###'###..#. ..#
#......#..##..#. ... .##
#........##..# #. .. ##.
#.......##..# # # ##..
#.......#..# #.##


You could see the friendly Ayize the knight and a tengu warrior (ally target).

Vanquished Creatures
  A hydra (D:8)
  2 centaur warriors (D:8)
  A cyclops (D:8)
  2 trolls
  A hornet (D:8)
  A yak (D:8)
  A vampire (D:8)
  A steam dragon (D:8)
  3 water moccasins
  4 orc warriors
  A black bear (D:4)
  A sky beast (D:6)
  4 ice beasts
  2 ogres
  2 centaurs
  4 bullfrogs
  A gnoll sergeant (D:8)
  A kobold brigand (D:8)
  2 scorpions
  2 wights (D:7)
  3 killer bees (D:7)
  An electric eel (D:6)
  2 howler monkeys (D:8)
  2 jellies
  4 hounds
  3 sleepcaps
  An iguana (D:6)
  9 orc wizards
  9 gnolls (D:8)
  9 adders
  A shadow imp (D:7)
  2 white imps
  2 worms (D:3)
  2 dart slugs
  18 orcs
  8 bats
  4 endoplasms
  5 giant cockroaches
  15 goblins
  10 hobgoblins
  4 jackals (D:1)
  14 kobolds
  A quokka (D:2)
  2 ball pythons
  3 frilled lizards
  4 rats
175 creatures vanquished.

Vanquished Creatures (collateral kills)
  An ugly thing (D:8)
  A komodo dragon (D:8)
  3 yaks (D:8)
  A basilisk (D:8)
  A vampire mosquito (D:8)
  An orc warrior (D:8)
  A centaur (D:8)
  A kobold brigand (D:6)
  A bullfrog (D:7)
  A scorpion (D:6)
  A killer bee (D:8)
  4 wights
  A howler monkey (D:6)
  An orc priest (D:8)
  A jelly (D:6)
  7 orc wizards
  2 white imps (D:6)
  3 orcs
32 creatures vanquished.

Vanquished Creatures (others)
  A boulder beetle (D:8)
  An orc wizard (D:7)
  3 knights (D:8)
  5 ancestors
10 creatures vanquished.

Grand Total: 217 creatures vanquished

Notes
Turn   | Place    | Note
-------+----------+-------------------------------------------
     0 | D:1      | Lobster4 the Minotaur Hunter began the quest for the Orb.
     0 | D:1      | Reached XP level 1. HP: 18/18 MP: 0/0
    98 | D:1      | Reached skill level 1 in Stealth
    98 | D:1      | Reached XP level 2. HP: 25/25 MP: 1/1
   104 | D:1      | Found Jataush's General Store.
   116 | D:1      | Bought a scroll of noise for 12 gold pieces
   285 | D:1      | Reached skill level 1 in Armour
   299 | D:1      | Reached skill level 1 in Short Blades
   468 | D:2      | Found a faded altar of an unknown god.
   472 | D:2      | Reached XP level 3. HP: 30/30 MP: 2/2
  1765 | D:3      | Reached skill level 5 in Ranged Weapons
  1869 | D:3      | Reached XP level 4. HP: 37/37 MP: 3/3
  1896 | D:3      | Identified the +2 scale mail of Jyshraf {rPois Dex+3}
  2054 | D:3      | Found a bloodstained altar of Trog.
  2346 | D:4      | Reached XP level 5. HP: 44/45 MP: 4/4
  2405 | D:4      | Found Fele's Distillery.
  2410 | D:4      | Bought a potion of curing for 30 gold pieces
  2520 | D:4      | Noticed a black bear
  2685 | D:4      | Reached skill level 1 in Throwing
  2778 | D:4      | Killed a black bear
  2779 | D:4      | Reached skill level 1 in Evocations
  2779 | D:4      | Reached XP level 6. HP: 52/52 MP: 5/5
  2959 | D:1      | Bought a +0 cloak for 54 gold pieces
  3047 | D:5      | Entered Level 5 of the Dungeon
  3064 | D:5      | Found a blossoming altar of Fedhas.
  3064 | D:5      | Found a sacrificial altar of Ru.
  3064 | D:5      | Found a shadowy altar of Dithmenos.
  3064 | D:5      | Found a glowing golden altar of the Shining One.
  3064 | D:5      | Found a shimmering blue altar of Sif Muna.
  3065 | D:5      | Found a burning altar of Makhleb.
  3112 | D:5      | Found a staircase to the Ecumenical Temple.
  3125 | Temple   | Entered the Ecumenical Temple
  3321 | Temple   | Became a worshipper of Hepliaklqana the Forgotten
  3342 | D:5      | Noticed an ice beast
  3351 | D:5      | Killed an ice beast
  3352 | D:5      | Reached skill level 6 in Ranged Weapons
  3368 | D:5      | Reached XP level 7. HP: 46/59 MP: 6/6
  3413 | D:5      | Reached skill level 1 in Invocations
  3969 | D:6      | Reached * piety under Hepliaklqana
  3969 | D:6      | Found Xapruepi's Antique Weapon Shop.
  4108 | D:6      | Reached XP level 8. HP: 60/60 MP: 8/8
  4182 | D:6      | Reached skill level 7 in Ranged Weapons
  4223 | D:6      | Reached skill level 5 in Fighting
  4455 | D:6      | Reached skill level 5 in Dodging
  4637 | D:6      | Reached skill level 5 in Armour
  4877 | D:7      | Reached skill level 8 in Ranged Weapons
  4877 | D:7      | Found Munwefom's Antique Armour Shoppe.
  4889 | D:7      | Noticed a troll
  5021 | D:7      | Killed a troll
  5022 | D:7      | Reached XP level 9. HP: 58/67 MP: 10/10
  5304 | D:7      | Reached skill level 9 in Ranged Weapons
  5513 | D:7      | Identified the +1 ring mail of Kleptomania {Rampage
                  | *Corrode rElec rF+++}
  5853 | D:1      | Bought a scroll of magic mapping for 90 gold pieces
  5950 | D:4      | Bought a potion of ambrosia for 80 gold pieces
  6085 | D:8      | Found Unayqayd's Assorted Antiques.
  6118 | D:8      | Reached skill level 10 in Ranged Weapons
  6211 | D:8      | Reached ** piety under Hepliaklqana
  6212 | D:8      | Remembered your ancestor Ayize as a knight
  6314 | D:8      | Found a hide-covered altar of Uskayaw.
  6328 | D:8      | Reached XP level 10. HP: 79/79 MP: 11/11
  6363 | D:8      | Noticed a cyclops
  6382 | D:8      | Killed a cyclops
  6383 | D:8      | Reached skill level 11 in Ranged Weapons
  6420 | D:8      | Noticed a centaur warrior
  6486 | D:8      | Noticed a five-headed hydra
  6521 | D:8      | Noticed a boulder beetle
  6534 | D:8      | Killed a boulder beetle
  6536 | D:8      | Killed a centaur warrior
  6537 | D:8      | Reached skill level 12 in Ranged Weapons
  6611 | D:8      | Noticed a centaur warrior
  6626 | D:8      | Killed a centaur warrior
  6701 | D:8      | Identified the +1 robe of the Skies Above {rC++}
  6718 | D:8      | Identified the ring "Regenwisch" {rElec EV+5 Slay+2}
  6789 | D:8      | Reached skill level 10 in Fighting
  6789 | D:8      | Reached skill level 13 in Ranged Weapons
  6793 | D:8      | Killed a five-headed hydra
  6794 | D:8      | Reached XP level 11. HP: 57/89 MP: 12/12
  6829 | D:8      | Noticed a purple ugly thing
  6838 | D:8      | Killed a purple ugly thing
  7043 | D:8      | Noticed a tengu warrior
  7058 | D:8      | HP: 4/90 [tengu warrior/+0 battleaxe (3)]
  7058 | D:8      | Slain by a tengu warrior

Illustrated notes

Levels and vault maps discovered:
D:1:      dpeg_arrival_stonehenge_8_columns, layout_rooms, serial_shops,
          nicolae_shop_trees
D:2:      layout_basic, ebering_ecumenical_altar_sacrificial
D:3:      cheibrodos_old_hovel, layout_loops_ring, trog_hazing_becter,
          dk_vineyard_3, hangedman_decor_clover_reticule
D:4:      layout_cave_pools, serial_shops, shop
D:5:      layout_gridville, grunt_temple_overflow_open,
          minmay_temple_entry_mini_moons, roderic_roman_lattice
D:6:      layout_basic, serial_corexii_hall, corexii_hall_statues_l,
          corexii_hall_statues_s, hangedman_decor_peaks_small,
          grunt_ministairs_2, nicolae_inconvenience_store, nrook_mini_backslash,
          minmay_checkerbox
D:7:      minmay_flawed_box, layout_rooms, serial_shops, shop
D:8:      minmay_the_grid_octo_tiled_octocenter [minmay_the_grid_octo_77,
          minmay_the_grid_octo_odd_swirl, minmay_the_grid_octo_checkerflower,
          minmay_the_grid_octo_fat_diamond,
          minmay_the_grid_octo_prize_square_snowflake,
          minmay_the_grid_square_5x5_bracketed,
          minmay_the_grid_square_5x5_fat_x, minmay_the_grid_square_5x5_plus,
          minmay_the_grid_square_5x5_lines], layout_basic,
          nicolae_uskayaw_murder_on_the_dancefloor, serial_shops, shop_statue,
          minmay_evil_grid
Temple:   nicolae_temple_bog_church

Skill      XL: |  1  2  3  4  5  6  7  8  9 10 |
---------------+-------------------------------+-----
Stealth        | 1 |  1.0
Armour         | 1 2 3 5 6 |  6.0
Short Blades   | 1 2 3 |  3.0
Ranged Weapons | 5 6 8 10 13 | 13.7
Fighting       | 3 4 5 7 10 | 10.5
Dodging        | 3 4 5 6 |  6.0
Throwing       | 1 |  1.0
Evocations     | 1 2 3 |  3.0
Invocations    | 2 3 |  3.0

Action                     |  1- 3 |  4- 6 |  7- 9 | 10-12 || total
---------------------------+-------+-------+-------+-------++-------
   Fire: Shortbow          |   147 |   117 |   349 |   171 ||   784
  Throw: Dart              |       |       |       |     1 ||     1
 Invoke: Recall Ancestor   |       |       |     3 |     1 ||     4
         Ancestor Life: Kn |       |       |     1 |       ||     1
  Evoke: Wand              |       |     3 |     1 |     4 ||     8
    Use: Scroll            |     3 |     3 |     8 |     4 ||    18
         Potion            |       |       |     2 |     4 ||     6
 Armour: Leather armour    |     9 |       |       |       ||     9
         Ring mail         |    21 |       |       |       ||    21
         Scale mail        |       |    47 |    60 |    37 ||   144
  Dodge: Dodged            |    40 |    39 |   104 |    60 ||   243

Table legend: (Time is in decaauts)
 A = Elapsed time spent in this place.
 B = Non-inter-level travel time spent in this place.
 C = Inter-level travel time spent in this place.
 D = Time resting spent in this place.
 E = Time spent auto-exploring this place.
 F = Levels seen in this place.
 G = Mean time per level.
                   A        B        C        D        E       F      G
               +--------+--------+--------+--------+--------+-----+--------+
         Total |   7263 |   6283 |    980 |    160 |   4424 |   9 |  807.0 |
       Dungeon |   7054 |   6090 |    964 |    160 |   4244 |   8 |  881.8 |
        Temple |    208 |    192 |     16 |      0 |    180 |   1 |  208.0 |
               +--------+--------+--------+--------+--------+-----+--------+

Top non-repeatable levels by time:
     D:2: 1250 daAuts
     D:6: 1172 daAuts
     D:8: 1057 daAuts
     D:3: 876 daAuts
     D:7: 762 daAuts
     D:5: 695 daAuts
     D:4: 649 daAuts
     D:1: 591 daAuts
  Temple: 208 daAuts
